 Dungeon Crawl Stone Soup version 0.14-a0-1192-g192f278 (webtiles) character file.

65 PolkaDot the Grave Robber (level 2, -5/19 HPs)
             Began as a Vampire Necromancer on Nov 30, 2013.
             Slain by a gnoll
             ... wielding a cursed -1,+0 spear
              (7 damage)
             ... on Level 1 of the Dungeon.
             The game lasted 00:02:56 (487 turns).

PolkaDot the Grave Robber (Vampire Necromancer)      Turns: 487, Time: 00:02:56

HP  -5/19        AC  2     Str  7      XL: 2   Next: 51%
MP   5/5         EV 12     Int 17      God:
Gold 47          SH  0     Dex 14      Spells:  2 memorised,  1 level left

rFire  . . .     SeeInvis +     e - -1 short sword (curse)
rCold  . . .     Clarity  .     a - +0 robe
rNeg   . . .     Conserve .     (no shield)
rPois  .         rCorr    .     (no helmet)
rElec  .         rRot     .     (no cloak)
SustAb . .       Spirit   .     (no gloves)
rMut   .         Warding  .     (no boots)
Saprov . . .     Stasis   .     (no amulet)
                                (no ring)
                                (no ring)

@: regenerating quickly, not resistant to hostile enchantments, stealthy
A: fangs 3, see invisible, unbreathing
a: no special abilities


You were on level 1 of the Dungeon.
You were very full.

You visited 1 branch of the dungeon, and saw 1 of its levels.

You collected 47 gold pieces.

Inventory:

Hand weapons
 e - a cursed -1,-1 short sword (weapon)
Armour
 a - a +0 robe (worn)
 h - a +0 elven buckler
Scrolls
 c - a scroll of teleportation {unknown}
 d - 3 scrolls of identify {unknown}
 f - a scroll of random uselessness {unknown}
 g - a scroll of remove curse {unknown}
Books
 b - a book of Necromancy

   Spells                             Type                      Level
   *Pain                              Necromancy                   1
   *Animate Skeleton                  Necromancy                   1
   Lethal Infusion                    Charms/Necromancy            2
   Vampiric Draining                  Necromancy                   3
   Regeneration                       Charms/Necromancy            3
   Animate Dead                       Necromancy                   4
   Control Undead                     Necromancy                   4


   Skills:
 + Level 0.9 Short Blades
 - Level 2.1 Dodging
 - Level 3.0 Stealth
 - Level 1.0 Spellcasting
 * Level 5.0 Necromancy


You had one spell level left.
You knew the following spells:

 Your Spells              Type           Power        Failure   Level  Hunger
a - Pain                  Necr           ###.         2%          1    ##.....
s - Animate Skeleton      Necr           N/A          2%          1    ##.....


Dungeon Overview and Level Annotations

Branches:
Dungeon (1/16)

Altars:


Innate Abilities, Weirdness & Mutations

Your natural rate of healing is unusually fast.
You have razor-sharp teeth.
You have supernaturally acute eyesight.
You can survive without breathing.


Message History

Attack!
Your giant newt skeleton barely misses the gnoll.
Your rat skeleton bites the gnoll but does no damage.
The gnoll hits your giant newt skeleton with a spear.
Your giant newt skeleton closely misses the gnoll.
Your rat skeleton bites the gnoll but does no damage.
The gnoll hits your giant newt skeleton with a spear!
Your giant newt skeleton is destroyed!
Your rat skeleton barely misses the gnoll.
The gnoll hits your rat skeleton with a spear!
Your rat skeleton is destroyed!
Your rat skeleton bites the gnoll.
Your kobold skeleton hits the gnoll but does no damage.
Your rat skeleton bites the gnoll.
The gnoll closely misses you.
You aren't carrying any potions.
The gnoll hits you from afar with a spear.
* * * LOW HITPOINT WARNING * * *
The gnoll hits you from afar with a spear!
You die...

.#######...### #.............
............. ##............
.....###...## ####.......##
.....##...###########..####.#####
.................................
.#####....###############...#####
...# #.##...#....# #...# ..(#
#.##.g.#....# #####
...###.##...#.g.@####### #####
...........z...........# #...#
..).##.#...###...#####.######...#
.....#.#...###########...........
.........................(%......
.#......############...########..
......................(..........
..###...############...########..
..###...######### ##### ###


You could see a gnoll and a friendly kobold skeleton.

Vanquished Creatures
  An ooze (D:1)
  A ball python (D:1)
  A bat (D:1)
  A giant cockroach (D:1)
  2 goblins (D:1)
  2 hobgoblins (D:1)
  3 kobolds (D:1)
  A giant newt (D:1)
  4 rats (D:1)
16 creatures vanquished.

Vanquished Creatures (collateral kills)
  A rat (D:1)
1 creature vanquished.

Vanquished Creatures (others)
  A giant newt skeleton (D:1)
  A rat skeleton (D:1)
2 creatures vanquished.

Grand Total: 19 creatures vanquished

Notes
Turn   | Place    | Note
--------------------------------------------------------------
     0 | D:1      | PolkaDot, the Vampire Necromancer, began the quest for the Orb.
     0 | D:1      | Reached XP level 1. HP: 13/13 MP: 4/4
   183 | D:1      | Learned a level 1 spell: Animate Skeleton
   222 | D:1      | Reached XP level 2. HP: 19/19 MP: 5/5
   235 | D:1      | Gained mutation: You have a pair of small horns on your head. [potion of mutation]
   235 | D:1      | Gained mutation: Your flesh is heat resistant. [potion of mutation]
   236 | D:1      | Lost mutation: You have a pair of small horns on your head. [potion of cure mutation]
   236 | D:1      | Lost mutation: Your flesh is heat resistant. [potion of cure mutation]
   323 | D:1      | Reached skill level 5 in Necromancy
   487 | D:1      | Slain by a gnoll

Action                   || total
-------------------------++-------
Melee: Short sword       ||    51
 Cast: Animate Skeleton  ||     4
       Pain              ||     2
  Use: Potion            ||     4
 Stab: Sleeping          ||     2
       Distracted        ||     1
